 Dungeon Crawl Stone Soup version 0.23-a0-726-g9fa1570 (webtiles) character file.

196 Firecrotchwizard the Ruffian (level 5, -2/45 (47) HPs)
             Began as a Ghoul Monk on Jan 17, 2019.
             Was a Believer of Okawaru.
             Slain by an elf zombie (4 damage)
             ... in an ossuary.
             The game lasted 00:06:19 (3141 turns).

Firecrotchwizard the Ruffian (Ghoul Monk)           Turns: 3141, Time: 00:06:19

HP:   -2/45 (47)    AC:  4    Str: 15    XL:     5   Next: 74%
MP:   3/4           EV: 13    Int:  8    God:    Okawaru [**....]
Gold: 112           SH:  0    Dex: 13    Spells: 4/4 levels left

rFire    . . .     SeeInvis .     - Unarmed
rCold    + . .     Gourm    .   (no shield)
rNeg     + + +     Faith    .   l - +0 leather armour
rPois    ∞         Spirit   .   (no helmet)
rElec    .         Reflect  .   (no cloak)
rCorr    .         Harm     .   (no gloves)
MR       .....                  j - +0 pair of boots
Stlth    ++........             (no amulet)
HPRegen  0.00/turn              f - +2 ring of intelligence
MPRegen  0.09/turn              x - +2 ring of dexterity

@: rotting
A: rotting body, claws 1, carnivore, cold resistance 1, negative energy
resistance 3, inhibited regeneration, torment resistance, unbreathing
a: Heroism, Renounce Religion


You were in an ossuary.
You worshipped Okawaru.
Okawaru was pleased with you.
You were hungry.

You visited 1 branch of the dungeon, and saw 4 of its levels.
You also visited: Ossuary.

You collected 112 gold pieces.

Inventory:

Armour
 a - a +0 robe
 j - a +0 pair of boots (worn)
   (You found it on level 2 of the Dungeon)
 l - a +0 leather armour (worn)
   (You found it on level 2 of the Dungeon)
Jewellery
 f - a +2 ring of intelligence (left claw)
   (You found it on level 1 of the Dungeon)
 n - an uncursed amulet of magic regeneration
   (You found it on level 2 of the Dungeon)
 w - an uncursed amulet of harm
   (You found it on level 3 of the Dungeon)
 x - a +2 ring of dexterity (right claw)
   (You found it on level 4 of the Dungeon)
Scrolls
 e - a scroll of fear {unknown}
 g - 3 scrolls of identify
 i - a scroll of random uselessness {unknown}
 k - 2 scrolls of fog {unknown}
 q - 3 scrolls of immolation {unknown}
 r - a scroll of remove curse {unknown}
 t - a scroll of magic mapping {unknown}
 u - a scroll of enchant weapon {unknown}
 v - a scroll of enchant armour {unknown}
Potions
 c - 2 potions of curing {unknown}
 d - a potion of brilliance {unknown}
 h - a potion of berserk rage {unknown}
 m - a potion of lignification {unknown}
 o - 2 potions of flight {unknown}
 p - 2 potions of magic {unknown}
Comestibles
 b - 4 rations


   Skills:
 + Level 4.4 Fighting
 + Level 3.6 Dodging
 - Level 2.1 Stealth
 * Level 5.4 Unarmed Combat


You had 4 spell levels left.
You didn't know any spells.
Your spell library was empty.

Dungeon Overview and Level Annotations

Branches:
Dungeon (4/15)
 Temple: D:4-7

Altars:
Ashenzari
Fedhas
Okawaru
Qazlal
Ru
Uskayaw
Xom
Zin


Innate Abilities, Weirdness & Mutations

Your body is rotting away.
You thrive on raw meat.
You are immune to poison.
You have sharp fingernails.
You are carnivorous and can eat meat at any time.
Your flesh is cold resistant. (rC+)
You are immune to negative energy. (rN+++)
You do not regenerate when monsters are visible.
You are immune to unholy pain and torment.
You can survive without breathing.


Message History

The orc zombie hits you but does no damage.
You scratch the orc zombie.
You destroy the orc zombie!
Okawaru accepts your kill. The orc zombie barely misses you.
You barely miss the kobold zombie. The orc zombie barely misses you.
The kobold zombie hits you but does no damage.
You closely miss the kobold zombie. You claw the kobold zombie!
The orc zombie hits you but does no damage.
The kobold zombie barely misses you.
You scratch the kobold zombie.
You destroy the kobold zombie!
Okawaru accepts your kill. The orc zombie closely misses you.
You are feeling hungry.
You scratch the orc zombie. You claw the orc zombie! The orc zombie hits you.
The orc zombie hits you but does no damage.
You take 3 damage, and have 40/45 hp.
You claw the orc zombie!
You destroy the orc zombie!
Okawaru accepts your kill.
The orc zombie hits you but does no damage.
You scratch the orc zombie. The orc zombie closely misses you.
You claw the orc zombie!
You destroy the orc zombie!
Okawaru accepts your kill.
Found a gate leading back out of this place.
A mummy comes into view.
The mummy hits you.
You take 2 damage, and have 40/45 hp.
You completely miss the mummy. You scratch the mummy.
The mummy closely misses you.
You scratch the mummy but do no damage. You completely miss the mummy.
The mummy barely misses you.
You scratch the mummy. You scratch the mummy.
You feel your flesh rotting away. The mummy closely misses you.
You closely miss the mummy. You scratch the mummy.
The mummy hits you but does no damage.
You closely miss the mummy. You claw the mummy!
You destroy the mummy!
Okawaru accepts your kill.
A human zombie comes into view.
An elf zombie comes into view.
The human zombie hits you.
You take 5 damage, and have 36/45 hp.
You scratch the human zombie. The human zombie misses you.
You scratch the human zombie but do no damage.
You barely miss the human zombie. The human zombie closely misses you.
You closely miss the human zombie. The human zombie hits you.
You take 2 damage, and have 34/45 hp.
You scratch the human zombie. The human zombie hits you.
You take 4 damage, and have 30/45 hp.
You scratch the human zombie.
You scratch the human zombie but do no damage.
The human zombie hits you.
You take 1 damage, and have 29/45 hp.
You scratch the human zombie. The human zombie misses you.
You barely miss the human zombie.
The human zombie hits you but does no damage.
You scratch the human zombie. You claw the human zombie!
The human zombie closely misses you.
You barely miss the human zombie. The human zombie hits you.
You take 2 damage, and have 27/45 hp.
You scratch the human zombie. You claw the human zombie!
The human zombie hits you.
You take 3 damage, and have 24/45 hp.
You gain the combat prowess of a mighty hero.
The human zombie closely misses you.
You now have 2/4 mp.
You claw the human zombie! You claw the human zombie!
You destroy the human zombie!
Okawaru accepts your kill. The elf zombie hits you.
You take 3 damage, and have 21/45 hp.
You completely miss the elf zombie. The elf zombie hits you.
You take 3 damage, and have 18/45 hp.
You scratch the elf zombie. The elf zombie hits you!
* * * LOW HITPOINT WARNING * * *
You take 7 damage, and have 11/45 hp.
You claw the elf zombie! You closely miss the elf zombie.
The elf zombie barely misses you.
You claw the elf zombie! Your claw misses the elf zombie.
You scratch the elf zombie. The elf zombie hits you.
* * * LOW HITPOINT WARNING * * *
You take 6 damage, and have 5/45 hp.
You claw the elf zombie! The elf zombie misses you.
You scratch the elf zombie.
You feel like a meek peon again.
You scratch the elf zombie. The elf zombie hits you.
* * * LOW HITPOINT WARNING * * *
You take 3 damage, and have 2/45 hp.
Okay, then.
You claw the elf zombie! The elf zombie hits you.
You die...

#.####..####.#...#
#............#...#
#.####.......#...#
#.......#...#
#.......#...#
######.∩.....#...#
#........+####...#
#.####...# #...#
#.@Z!#...# #...#
##############...#
.................#
......∩∩.........#
##################


You could see an elf zombie.

Vanquished Creatures
  A bullfrog zombie (D:3)
  A human zombie (Ossuary)
  An orc wizard (D:3)
  A mummy (Ossuary)
  An adder (D:2)
  A worm (D:2)
  A dart slug (D:2)
  4 orcs (D:3)
  2 ball pythons
  6 bats
  A giant cockroach (D:2)
  9 goblins
  6 hobgoblins
  7 jackals (D:1)
  8 kobolds
  2 frilled lizards (D:2)
  3 hobgoblin zombies (Ossuary)
  5 kobold zombies (Ossuary)
  7 orc zombies (Ossuary)
  A quokka skeleton (D:4)
  5 rats
73 creatures vanquished.

Notes
Turn   | Place    | Note
-------+----------+-------------------------------------------
     0 | D:1      | Firecrotchwizard the Ghoul Monk began the quest for the
                  | Orb.
     0 | D:1      | Reached XP level 1. HP: 19/19 MP: 0/0
   150 | D:1      | Reached XP level 2. HP: 26/26 MP: 1/1
   823 | D:1      | Reached skill level 3 in Dodging
   823 | D:1      | Reached XP level 3. HP: 11/29 MP: 2/2
   825 | D:1      | Reached skill level 4 in Unarmed Combat
  1254 | D:2      | Found a hide-covered altar of Uskayaw.
  1254 | D:2      | Found a glowing silver altar of Zin.
  1255 | D:2      | Found an iron altar of Okawaru.
  1259 | D:2      | Found a stormy altar of Qazlal.
  1433 | D:2      | Found a blossoming altar of Fedhas.
  1498 | D:2      | Found a shimmering altar of Xom.
  1498 | D:2      | Found a sacrificial altar of Ru.
  1528 | D:2      | Found a shattered altar of Ashenzari.
  1680 | D:2      | Reached XP level 4. HP: 35/40 MP: 3/3
  1922 | D:2      | Found a faded altar of an unknown god.
  2023 | D:2      | Became a worshipper of Warmaster Okawaru
  2023 | D:2      | Reached * piety under Okawaru
  2023 | D:2      | Reached ** piety under Okawaru
  2295 | D:3      | Reached skill level 4 in Fighting
  2447 | D:3      | Reached skill level 5 in Unarmed Combat
  2447 | D:3      | Reached XP level 5. HP: 41/46 MP: 4/4
  2816 | D:4      | Found a sand-covered staircase.
  2822 | Ossuary  | Entered an ossuary
  3133 | Ossuary  | HP: 11/45 [elf zombie (7)]
  3137 | Ossuary  | HP: 5/45 [elf zombie (6)]
  3140 | Ossuary  | HP: 2/45 [elf zombie (3)]
  3141 | Ossuary  | Slain by an elf zombie

Vault maps used:
D:1:      erik_arrival_triangle_small
D:2:      lemuel_crystal_altar, grunt_temple_overflow_open,
          gammafunk_temple_overflow_claw, chequers_ecumenical_altar_lobes,
          first_ration, lemuel_tele_altar
D:3:      hex_large
D:4:      minmay_temple_entry_slanted, lightli_ossuary_entry_decrepit_ruins,
          uniq_edmund
Ossuary:  ossuary_tomb_1

Skill      XL: |  1  2  3  4 |
---------------+-------------+-----
Dodging        | 3 |  3.6
Unarmed Combat | 4 5 |  5.4
Fighting       | 4 |  4.4
Stealth        | |  2.1

Action                   |  1- 3 |  4- 6 || total
-------------------------+-------+-------++-------
Melee: Unarmed           |   139 |   153 ||   292
       Punch             |     3 |     2 ||     5
Invok: Heroism           |       |     1 ||     1
  Use: Scroll            |       |     2 ||     2
 Stab: Sleeping          |     2 |     1 ||     3
  Eat: Chunk             |     8 |     1 ||     9
Armor: Robe              |    42 |    10 ||    52
       Leather armour    |       |    22 ||    22
Dodge: Dodged            |   106 |   106 ||   212

Table legend:
 A = Non-vault XP
 B = Vault XP
 C = Vault XP percentage of total XP
 D = Non-vault monster count
 E = Vault monster count
 F = Vault count percentage of total count
                 A         B        C        D         E       F
            +---------+---------+-------+---------+---------+-------
      Total |     203 |      77 |  27.5 |      56 |      17 |  23.3
            +---------+---------+-------+---------+---------+-------
        D:1 |      36 |       0 |   0.0 |      19 |       0 |   0.0
        D:2 |      54 |       0 |   0.0 |      22 |       0 |   0.0
        D:3 |     112 |       0 |   0.0 |      14 |       0 |   0.0
        D:4 |       1 |       0 |   0.0 |       1 |       0 |   0.0
    Ossuary |       0 |      77 | 100.0 |       0 |      17 | 100.0
            +---------+---------+-------+---------+---------+-------

Vault maps used:
D:1:      erik_arrival_triangle_small
D:2:      lemuel_crystal_altar, grunt_temple_overflow_open,
          gammafunk_temple_overflow_claw, chequers_ecumenical_altar_lobes,
          first_ration, lemuel_tele_altar
D:3:      hex_large
D:4:      minmay_temple_entry_slanted, lightli_ossuary_entry_decrepit_ruins,
          uniq_edmund
Ossuary:  ossuary_tomb_1

Table legend:
 A = Turns spent in this place as a percentage of turns spent in the entire game.
 B = Non-inter-level travel turns spent in this place as a percentage of non-inter-level travel turns spent in the entire game.
 C = Inter-level travel turns spent in this place as a percentage of turns spent in this place.
 D = Turns resting spent in this place as a percentage of non-inter-level travel turns spent in this place.
 E = Turns spent auto-exploring this place as a percentage of non-inter-level travel turns spent in this place.
 F = Non-inter-level travel turns spent in this place divided by the number of levels of this place that you've seen.
                   A       B       C       D       E      F
               +-------+-------+-------+-------+-------+----------------------
         Total | 100.0 | 100.0 |   4.0 |  29.3 |  49.2 | 602.8
       Dungeon |  89.8 |  89.4 |   4.5 |  26.2 |  54.8 | 673.8
       Ossuary |  10.2 |  10.6 |   0.0 |  55.5 |   2.2 | 319.0
               +-------+-------+-------+-------+-------+----------------------

Table legend:
 A = Kills in this place as a percentage of kills in entire the game.
 B = Kills by you in this place as a percentage of kills by you in the entire game.
 C = Kills by friends in this place as a percentage of kills by friends in the entire game.
 D = Other kills in this place as a percentage of other kills in the entire game.
 E = Experience gained in this place as a percentage of experience gained in the entire game.
 F = Experience gained in this place divided by the number of levels of this place that you have seen.
                   A       B       C       D       E      F
               +-------+-------+-------+-------+-------+----------------------
         Total | 100.0 | 100.0 |   N/A |   N/A | 100.0 |  56.0
       Dungeon |  76.7 |  76.7 |   N/A |   N/A |  72.5 |  50.8
       Ossuary |  23.3 |  23.3 |   N/A |   N/A |  27.5 |  77.0
               +-------+-------+-------+-------+-------+----------------------
